 Dungeon Crawl Stone Soup version 0.21.1-1-g345015fe64 (webtiles) character file.

836 ILYA101 the Chopper (level 7, -5/59 (61) HPs)
             Began as a Purple Draconian Fighter on July 10, 2018.
             Slain by a water moccasin (7 damage)
             ... on level 5 of the Dungeon.
             The game lasted 00:09:14 (4103 turns).

ILYA101 the Chopper (Purple Draconian Fighter)      Turns: 4103, Time: 00:09:15

HP:   -5/59 (61)    AC:  6    Str: 23    XL:     7   Next: 66%
MP:   7/7           EV: 11    Int:  9    God:
Gold: 174           SH: 10    Dex: 12    Spells: 6/6 levels left

rFire    . . .     SeeInvis .   a - +0 war axe
rCold    . . .     Gourm    .   b - +0 shield
rNeg     . . .     Faith    .   (armour unavailable)
rPois    .         Spirit   .   (helmet restricted)
rElec    .         Reflect  .   (no cloak)
rCorr    .         Harm     .   (no gloves)
MR       +....                  (no boots)
Stlth    ++........             (no amulet)
HPRegen  0.19/turn              (no ring)
MPRegen  0.10/turn              (no ring)

@: mighty, lethally poisoned (-5 -> -40), short of breath
A: breathe power, unfitting armour, cold-blooded, AC +6
a: Breathe Dispelling Energy


You were on level 5 of the Dungeon.
You were not hungry.

You visited 1 branch of the dungeon, and saw 5 of its levels.

You collected 174 gold pieces.

Inventory:

Hand Weapons
 a - a +0 war axe (weapon)
Armour
 b - a +0 shield (worn)
Jewellery
 k - an uncursed ring of wizardry {unknown}
 t - an uncursed ring of magical power {unknown}
Wands
 m - a wand of flame (40)
Scrolls
 g - a scroll of teleportation
 i - 2 scrolls of remove curse
 l - 2 scrolls of identify {unknown}
 n - a scroll of enchant armour {unknown}
 o - a scroll of enchant weapon {unknown}
 s - a scroll of immolation {unknown}
Potions
 c - a potion of might
 e - 2 potions of lignification {unknown}
 f - 2 potions of curing {unknown}
 h - a potion of mutation {unknown}
 j - a potion of flight {unknown}
 p - a potion of degeneration {unknown}
 q - 2 potions of invisibility {unknown}
Comestibles
 d - 7 rations
 r - 4 chunks of flesh


   Skills:
 + Level 5.1 Fighting
 + Level 6.2 Axes
 + Level 4.1 Dodging
 + Level 1.6 Stealth
 + Level 4.4 Shields


You had 6 spell levels left.
You didn't know any spells.

Dungeon Overview and Level Annotations

Branches:
Dungeon (5/15)
 Temple: D:4-7

Altars:
Gozag
Ru
Wu Jian

Shops:
D:4 :


Innate Abilities, Weirdness & Mutations

You can breathe bolts of dispelling energy.
Your rich purple scales are hard. (AC +6)
You cannot fit into any form of body armour.
You are cold-blooded and may be slowed by cold attacks.


Message History

You feel very sick. You block the water moccasin's attack.
The water moccasin barely misses you.
You hit the water moccasin.
The water moccasin is almost dead.
* * * LOW HITPOINT WARNING * * *
You feel very sick. The water moccasin bites you.
* * * LOW HITPOINT WARNING * * *
You are more poisoned.
The water moccasin poisons you! You block the water moccasin's attack.
You feel very mighty all of a sudden.
* * * LOW HITPOINT WARNING * * *
You feel very sick. You block the water moccasin's attack.
Your shield prevents you from hitting the water moccasin.
The water moccasin is almost dead.
* * * LOW HITPOINT WARNING * * *
You feel very sick. You block the water moccasin's attack.
The water moccasin bites you!
You die...

# #.##.###+%%.## #.
###.#...'.#####. #.
#.#.##.###'##..## ##..
#...#####!(##..#
.)..###.....#....#..##
#..#...##.'...)#....
#.#..##.##?h##.#
#.#......####..#
#.#.####.ZlS@)## #.#.#
######.# #.#.# #(# #
#.#.# #.# # #.#..
....%.......... #
#.### ##############.
## #(.# .#####.#
.....#.#


You could see a water moccasin, an iguana, a jackal and a hound skeleton.

Vanquished Creatures
  Sigmund (D:3)
  A necrophage (D:2)
  A centaur (D:5)
  A scorpion (D:4)
  A howler monkey (D:4)
  A hound (D:4)
  A jelly (D:5)
  An orc priest (D:4)
  Jessica (D:3)
  2 iguanas
  An orc wizard (D:4)
  3 worker ants
  3 adders
  4 gnolls (D:4)
  3 worms
  3 dart slugs
  7 leopard geckos
  7 orcs
  4 bats
  3 giant cockroaches
  7 goblins
  8 hobgoblins
  6 jackals
  A ball python (D:3)
  12 frilled lizards
  9 kobolds
  12 rats
104 creatures vanquished.

Notes
Turn   | Place    | Note
-------+----------+-------------------------------------------
     0 | D:1      | ILYA101 the Draconian Fighter began the quest for the Orb.
     0 | D:1      | Reached XP level 1. HP: 19/19 MP: 1/1
    90 | D:1      | Reached XP level 2. HP: 18/26 MP: 2/2
   592 | D:1      | Reached XP level 3. HP: 28/33 MP: 3/3
   973 | D:2      | Noticed a necrophage
   981 | D:2      | Killed a necrophage
   981 | D:2      | Reached skill level 3 in Axes
   981 | D:2      | Reached XP level 4. HP: 25/38 MP: 4/4
  1169 | D:2      | Reached XP level 5. HP: 35/44 MP: 5/5
  1815 | D:3      | Noticed Sigmund
  1824 | D:3      | Killed Sigmund
  1824 | D:3      | Reached skill level 4 in Axes
  1824 | D:3      | Reached XP level 6. HP: 50/50 MP: 6/6
  1833 | D:3      | Found an ornate altar of the Wu Jian Council.
  2011 | D:3      | Noticed Jessica
  2018 | D:3      | Killed Jessica
  2359 | D:4      | Found Bots's Book Boutique.
  2457 | D:4      | Reached skill level 5 in Axes
  2457 | D:4      | Reached skill level 1 in Stealth
  2477 | D:4      | Found a sacrificial altar of Ru.
  2894 | D:4      | Your scales start taking on a rich purple colour.
  2894 | D:4      | Reached XP level 7. HP: 38/58 MP: 7/7
  3029 | D:4      | Found an opulent altar of Gozag.
  3750 | D:5      | Entered Level 5 of the Dungeon
  4063 | D:5      | Reached skill level 6 in Axes
  4079 | D:5      | Reached skill level 5 in Fighting
  4103 | D:5      | HP: 2/59 [poisoned by a water moccasin]
  4103 | D:5      | Slain by a water moccasin

Skill      XL: |  1  2  3  4  5  6  7 |
---------------+----------------------+-----
Dodging        | 3 4 |  4.1
Fighting       | 4 5 |  5.1
Axes           | 3 4 5 6 |  6.2
Stealth        | 1 |  1.6
Shields        | 4 |  4.4

Action                   |  1- 3 |  4- 6 |  7- 9 || total
-------------------------+-------+-------+-------++-------
Melee: War axe           |    91 |   124 |    74 ||   289
       Tailslap          |    13 |    15 |     8 ||    36
 Abil: Breathe Dispellin |       |       |     3 ||     3
  Use: Scroll            |     3 |       |       ||     3
       Potion            |       |       |     1 ||     1
 Stab: Sleeping          |       |     3 |       ||     3
  Eat: Chunk             |       |     7 |     4 ||    11
Armor: Skin              |    29 |    37 |     7 ||    73
Dodge: Dodged            |    39 |    49 |    31 ||   119
Block: Shield            |    36 |    53 |    44 ||   133
